 Dungeon Crawl Stone Soup version 0.26.0-16-gc1dbca0489 (webtiles) character file.

Game seed: 14675664892326234595

2802 112233 the Shield-Bearer (level 9, -4/61 HPs)
             Began as an Octopode Fighter on Jan 17, 2021.
             Slain by a centaur (8 damage)
             ... on level 8 of the Dungeon.
             The game lasted 00:08:41 (9545 turns).

112233 the Shield-Bearer (Octopode Fighter)         Turns: 9545, Time: 00:08:42

Health: -4/61      AC:  1    Str: 15    XL:     9   Next: 71%
Magic:  9/9        EV: 15    Int:  7    God:
Gold:   368        SH: 16    Dex: 14    Spells: 8/8 levels left

rFire    . . .     SeeInvis .   i - +1 dagger (drain)
rCold    . . .     Faith    .   a - +1 kite shield
rNeg     . . .     Spirit   .   (helmet restricted)
rPois    .         Reflect  +   n - amulet of reflection
rElec    .         Harm     .   x - -4 ring of intelligence (curse)
rCorr    .         Rampage  .   (no ring)
Will     .....                  (no ring)
Stlth    ++++......             (no ring)
HPRegen  0.20/turn              (no ring)
MPRegen  0.11/turn              (no ring)
                                (no ring)
                                (no ring)

@: no status effects
A: almost no armour, stealthy swim, amphibious, 8 rings, constrict 8, camouflage
1, gelatinous body 1
a: no special abilities


You were on level 8 of the Dungeon.
You visited 2 branches of the dungeon, and saw 9 of its levels.

You collected 368 gold pieces.

Inventory:

Hand Weapons
 e - a +0 dagger
 i - a +1 dagger of draining (weapon)
 y - a +1 dagger of electrocution
Missiles
 f - 5 poisoned darts (quivered)
 l - 13 atropa-tipped darts
 A - 5 curare-tipped darts
Armour
 a - a +1 kite shield (worn)
Jewellery
 n - an amulet of reflection (around mantle)
 x - a cursed -4 ring of intelligence (left tentacle)
 B - an uncursed amulet of guardian spirit
Wands
 b - a wand of random effects (19)
 v - a wand of iceblast (11)
 C - a wand of enslavement (9)
 D - a wand of flame (15)
 I - a wand of disintegration (16)
Scrolls
 d - 11 scrolls of remove curse
 h - a scroll of random uselessness {unknown}
 k - 5 scrolls of identify {unknown}
 o - 2 scrolls of noise {unknown}
 p - a scroll of blinking {unknown}
 q - a scroll of fear {unknown}
 r - a scroll of fog {unknown}
 s - 2 scrolls of enchant weapon {unknown}
 u - 3 scrolls of amnesia {unknown}
 F - a scroll of teleportation {unknown}
 G - a scroll of immolation {unknown}
 H - a scroll of magic mapping {unknown}
Potions
 c - 2 potions of magic
 g - 3 potions of curing
 m - 4 potions of haste {unknown}
 t - 3 potions of flight {unknown}
 w - a potion of heal wounds {unknown}
 z - a potion of brilliance {unknown}
 E - a potion of invisibility {unknown}


   Skills:
 + Level 5.6 Fighting
 - Level 5.0 Short Blades
 + Level 6.3 Dodging
 - Level 4.8 Stealth
 + Level 7.7 Shields
 * Level 5.4 Unarmed Combat


You had 8 spell levels left.
You didn't know any spells.
Your spell library contained the following spells:

 Spells                   Type           Power        Failure   Level
 Animate Skeleton         Necr           0%           75%         1
 Apportation              Tloc           0%           75%         1
 Corona                   Hex            0%           75%         1
 Summon Small Mammal      Summ           0%           75%         1


Dungeon Overview and Level Annotations

Branches:
Dungeon (8/15)             Temple (1/1) D:5
   Lair: D:8-11

Altars:
Ashenzari
Elyvilon
Fedhas
Hepliaklqana
Kikubaaqudgha
Nemelex Xobeh
Okawaru
Qazlal
Sif Muna
Trog
Uskayaw
Vehumet
Wu Jian
Xom
Yredelemnul
The Shining One

Annotations:
D:7 Dowan, Duvessa


Innate Abilities, Weirdness & Mutations

You cannot wear most types of armour.
You are very stealthy in the water. (Stealth+)
You are amphibious.
You can wear up to eight rings at the same time.
You can use your tentacles to constrict eight enemies at once.
Your skin changes colour to match your surroundings (Stealth+).
Your rubbery body absorbs attacks. (AC +1, EV +1)


Message History

You hit the centaur but do no damage.
The centaur is lightly wounded.
The centaur unwields a +0 shortbow.
The centaur completely misses you. You block the centaur's attack.
The black bear barely misses you. You block the black bear's attack.
The black bear claws you.
* * * LOW HITPOINT WARNING * * *
Unknown command.
You hit the centaur. You drain the centaur. You squeeze the centaur.
The centaur is almost dead.
You block the centaur's attack. The centaur hits you.
* * * LOW HITPOINT WARNING * * *
The orc misses you. The centaur misses you. The black bear bites you.
* * * LOW HITPOINT WARNING * * *
The black bear barely misses you. The black bear claws you.
* * * LOW HITPOINT WARNING * * *
As you read the scroll labelled QOR TOKLOG, it crumbles to dust.
It is a scroll of enchant armour.
Your +0 kite shield glows green for a moment.
The centaur hits you!
You die...

... #.. .# ..# ..
.#...# #.# ...
...#...##.# ...
#..##....## #.##
###....###..### ....##
....##.......(###.....!
#.......##...c@o....#
#.#...###...#..#ch....#
..##..####.##..(......#
#. #..# #.#####.......
#.####.###.............
#..........###.........
#..........###.........
#......)...........(...
##..........####
.....>.


You could see a black bear, 2 centaurs and an orc.

Vanquished Creatures
  Maggie (D:7)
  Eustachio (D:6)
  Edmund (D:6)
  2 sky beasts
  3 centaurs
  2 ogres
  A bullfrog (D:8)
  A scorpion (D:6)
  7 wights
  4 howler monkeys (D:7)
  4 hounds
  A bullfrog zombie (D:6)
  A jelly (D:7)
  3 orc priests
  5 orc wizards
  2 bullfrog skeletons
  2 iguanas (D:5)
  12 worker ants
  2 worker ant zombies
  Robin (D:3)
  5 gnolls
  5 adders
  2 shadow imps
  3 oozes
  2 adder zombies
  7 worms
  3 dart slugs
  6 leopard geckos
  15 orcs
  4 ball pythons
  8 bats
  4 giant cockroaches
  21 goblins
  9 hobgoblins
  7 jackals
  6 quokkas
  7 frilled lizards
  A giant cockroach zombie (D:5)
  9 kobolds
  A leopard gecko zombie (D:5)
  12 rats
193 creatures vanquished.

Notes
Turn   | Place    | Note
-------+----------+-------------------------------------------
     0 | D:1      | 112233 the Octopode Fighter began the quest for the Orb.
     0 | D:1      | Reached XP level 1. HP: 16/16 MP: 1/1
   169 | D:1      | Reached XP level 2. HP: 5/21 MP: 2/2
   701 | D:1      | Reached XP level 3. HP: 26/26 MP: 3/3
  1314 | D:2      | Reached skill level 1 in Stealth
  1457 | D:2      | Reached XP level 4. HP: 31/31 MP: 4/4
  1519 | D:2      | Reached skill level 1 in Short Blades
  1886 | D:2      | You fall into a shaft and drop 1 floor!
  2095 | D:3      | Noticed Robin
  2119 | D:2      | Reached XP level 5. HP: 6/36 MP: 5/5
  2564 | D:2      | Found an iron altar of Okawaru.
  3134 | D:3      | Killed Robin
  3202 | D:3      | Found a white marble altar of Elyvilon.
  3641 | D:4      | Reached XP level 6. HP: 14/43 MP: 6/6
  3969 | D:5      | Entered Level 5 of the Dungeon
  3969 | D:5      | Noticed a sky beast
  3980 | D:4      | Killed a sky beast
  3981 | D:4      | Reached skill level 4 in Shields
  4844 | D:4      | Reached XP level 7. HP: 27/48 MP: 7/7
  4859 | D:4      | Found a shimmering altar of Xom.
  5988 | D:5      | Found a staircase to the Ecumenical Temple.
  5999 | Temple   | Entered the Ecumenical Temple
  6529 | D:6      | Reached skill level 5 in Dodging
  6529 | D:6      | Reached XP level 8. HP: 54/54 MP: 8/8
  6554 | D:6      | Reached skill level 5 in Shields
  6773 | D:6      | Found a blossoming altar of Fedhas.
  6788 | D:6      | Noticed Edmund
  6922 | D:6      | Killed Edmund
  7241 | D:6      | Found a broken altar of Ashenzari.
  7470 | D:6      | Noticed Eustachio
  7581 | D:6      | Killed Eustachio
  7591 | D:6      | Reached skill level 5 in Short Blades
  7591 | D:6      | Reached skill level 6 in Shields
  7854 | D:6      | Reached XP level 9. HP: 44/60 MP: 9/9
  8071 | D:6      | Reached skill level 5 in Fighting
  8776 | D:7      | Found a bloodstained altar of Trog.
  8866 | D:7      | Reached skill level 7 in Shields
  8871 | D:7      | Reached skill level 5 in Unarmed Combat
  9159 | D:7      | Noticed Maggie
  9165 | D:7      | Killed Maggie
  9492 | D:7      | Noticed Dowan
  9493 | D:7      | Noticed Duvessa
  9545 | D:8      | Slain by a centaur

Illustrated notes

Levels and vault maps discovered:
D:1:      sevenhm_arrival_forest_fort_small_3, layout_basic,
          minmay_misc_feat_doors, serial_park_tiny_pond
D:2:      layout_basic, okawaru_altar_gauntlet_db, serial_forest,
          infiniplex_forest_lined_3, infiniplex_forest_end_3,
          infiniplex_forest_lined_2, infiniplex_forest_lined_room_3,
          infiniplex_forest_lined_corner, infiniplex_forest_end_1,
          infiniplex_forest_lined_ring
D:3:      minmay_angry_zag, layout_rooms, elyvilon_altar_5, uniq_robin
D:4:      layout_cave_pods, xom_butterflies
D:5:      layout_basic, minmay_temple_entry_proselytizer,
          corexii_item_surrounded_by_moat, corexii_item_surrounded_by_moat
D:6:      layout_loops_ring, ashenzari_conservatory_becter,
          lemuel_crystal_altar, minmay_checkerbox, uniq_eustachio, uniq_edmund
D:7:      layout_gridville, lemuel_doored_altar, makhleb_grotto_becter,
          minivault_26, kennysheep_diamond, uniq_duvessa, uniq_maggie
D:8:      layout_rooms, grunt_temple_overflow_cloverleaf, uniq_harold,
          uniq_pikel
Temple:   dpeg_chambers_temple

Skill      XL: |  1  2  3  4  5  6  7  8  9 |
---------------+----------------------------+-----
Stealth        | 1 2 3 4 |  4.8
Short Blades   | 1 2 3 5 |  5.0
Dodging        | 4 5 6 |  6.3
Shields        | 4 6 7 |  7.7
Fighting       | 4 5 |  5.6
Unarmed Combat | 4 5 |  5.4

Action                   |  1- 3 |  4- 6 |  7- 9 || total
-------------------------+-------+-------+-------++-------
Melee: Dagger            |    57 |   140 |   244 ||   441
       Constrict         |    16 |    42 |    60 ||   118
       Tentacles         |    12 |    29 |    73 ||   114
       Unarmed           |     2 |       |       ||     2
       Punch             |     1 |     2 |    13 ||    16
  Use: Scroll            |     1 |       |     1 ||     2
       Potion            |       |     3 |     4 ||     7
 Stab: Sleeping          |     5 |     9 |    19 ||    33
       Distracted        |     1 |     1 |       ||     2
Armor: Skin              |     1 |     3 |     7 ||    11
Dodge: Dodged            |    21 |    36 |    66 ||   123
Block: Kite shield       |    18 |    81 |   140 ||   239
       Reflection        |       |     2 |     7 ||     9
